 Dungeon Crawl Stone Soup version 0.29-a0-887-gcbe080d7e0 (webtiles) character file.

Game seed: 5275959505337842858

28 zeratav the Stinger (level 3, -2/21 HPs)
             Began as an Octopode Venom Mage on July 21, 2022.
             Slain by a gnoll
             ... wielding a +0 spear
              (4 damage)
             ... on level 2 of the Dungeon.
             The game lasted 00:01:27 (1468 turns).

zeratav the Stinger (Octopode Venom Mage)           Turns: 1468, Time: 00:01:27

Health: -2/21      AC:  1    Str:  7    XL:     3   Next: 12%
Magic:  15/15      EV: 12    Int: 19    God:
Gold:   26         SH:  3    Dex: 12    Spells: 5/6 levels left

rFire   . . .      SeeInvis .   i - +0 dagger {short}
rCold   . . .      Faith    .   j - +0 buckler
rNeg    . . .      Spirit   .   (helmet restricted)
rPois   .          Reflect  .   (no amulet)
rElec   .          Harm     .   c - ring of magical power
rCorr   .          Rampage  .   (no ring)
Will    .....                   (no ring)
Stlth   +++.......              (no ring)
HPRegen 0.07/turn               (no ring)
MPRegen 0.14/turn               (no ring)
                                (no ring)
                                (no ring)

@: no status effects
A: almost no armour, amphibious, 8 rings, camouflage 1, gelatinous body 1,
(nimble swimmer 1), tentacles
a: no special abilities


You were on level 2 of the Dungeon.
You visited 1 branch of the dungeon, and saw 2 of its levels.

You collected 26 gold pieces.


Innate Abilities, Weirdness & Mutations

You cannot wear most types of armour.
You are amphibious.
You can wear up to eight rings at the same time.
Your skin changes colour to match your surroundings (Stealth+).
Your rubbery body absorbs attacks. (AC +1, EV +1)
((You are camouflaged when in or above water. (Stealth+)))
You have tentacles for arms and can constrict up to eight enemies at once.


   Skills:
 - Level 2.0 Dodging
 + Level 4.0 Stealth
 - Level 2.0 Spellcasting
 - Level 1.0 Transmutations
 + Level 4.4 Poison Magic


You had 5 spell levels left.
You knew the following spells:

 Your Spells              Type           Power      Damage    Failure   Level
a - Sting                 Tmut/Pois      48%        1d5       8%          1

Your spell library contained the following spells:

 Spells                   Type           Power      Damage    Failure   Level
 Poisonous Vapours        Pois/Air       20%        N/A       14%         2
 Mephitic Cloud           Conj/Pois/Air  7%         N/A       36%         3
 Olgreb's Toxic Radiance  Pois           18%        N/A       36%         4

Inventory:

Hand Weapons
 i - a +0 dagger (weapon) {short}
   (You took it off a kobold on level 1 of the Dungeon)
Armour
 j - a +0 buckler (worn)
   (You found it on level 1 of the Dungeon)
Jewellery
 c - a ring of magical power (left tentacle)
   (You found it on level 1 of the Dungeon)
Scrolls
 b - 2 scrolls of vulnerability {unknown}
 e - a scroll of teleportation {unknown}
 f - a scroll of amnesia {unknown}
Potions
 a - a potion of magic
 d - a potion of flight {unknown}
 g - a potion of mutation {unknown}
 h - a potion of curing {unknown}

Dungeon Overview and Level Annotations

Branches:
Dungeon (2/15) Zot: 10523

Altars:

♣P.♣♣.##.. # #
♣P..♣.... ..#.
♣PP.♣..#
.....♣P.P♣..#
#...♣.♣...#
#...†....<#
#######.#######
..#######..?.....
......g@.#####...
....?.gg.#
.........#
.........#
.........#
.........#
.........#
....(....#


You could see 3 gnolls.


Message History

The helpless giant cockroach fails to defend itself.
You puncture the giant cockroach!
You kill the giant cockroach!
No target in view!
No target in view!
No target in view!
No target in view!
No target in view!
No target in view!
No target in view!
No target in view!
No target in view!
No target in view!
No target in view!
No target in view!
No target in view!
No target in view!
No target in view!
Found a stone staircase leading down.
There is an open door here.
You open the door.
Done exploring.
No target in view!
Done exploring.
(D) Dungeon
Where to? (Enter - D:1 @ (x,y), ? - help)
There is a stone staircase leading down here.
You climb downwards.
There is a stone staircase leading up here.
A bat is nearby!
An endoplasm comes into view.
The bat closely misses you. The bat hits you.
HP[-1]
You take 1 damage, and now have 20/21 hp.
The bat hits you but does no damage.
You hit the bat but do no damage. Your grab misses the bat.
Your squeeze misses the bat. You block the bat's attack.
HP[+1]
Your hp is fully restored (21).
The bat hits you but does no damage.
You completely miss the bat. Your grab misses the bat. You squeeze the bat.
You kill the bat!
Your Stealth skill increases to level 4!
No target in view!
No target in view!
No target in view!
No target in view!
No target in view!
No target in view!
No target in view!
No target in view!
No target in view!
No target in view!
No target in view!
No target in view!
No target in view!
No target in view!
No target in view!
No target in view!
No target in view!
No target in view!
No target in view!
No target in view!
No target in view!
The endoplasm quivers. 2 gnolls come into view.
A gnoll comes into view. It is wielding a +0 flail.
You barely miss the endoplasm.
The gnoll shouts! x3
You squeeze the endoplasm, but do no damage.
You hear a shout!
The endoplasm closely misses you.
You hear an angry hiss.
You hit the endoplasm. The endoplasm freezes you.
You are frozen.
HP[-1]
You take 1 damage, and now have 20/21 hp.
You hit the endoplasm. The endoplasm freezes you.
You are frozen.
HP[-5]
You take 5 damage, and now have 15/21 hp.
MASSIVE DAMAGE!! (PAUSE)
You hit the endoplasm.
You squeeze the endoplasm, but do no damage.
The endoplasm hits you.
HP[-3]
You take 3 damage, and now have 12/21 hp.
You hit the endoplasm but do no damage. You squeeze the endoplasm.
You kill the endoplasm!
You block the gnoll's attack. The gnoll misses you.
You block the gnoll's attack.
You barely miss the gnoll. You grab the gnoll. You squeeze the gnoll!
You constrict the gnoll. The gnoll barely misses you.
The gnoll hits you with a +0 whip!
* * * LOW HITPOINT WARNING * * *
The gnoll hits you with a +0 spear.
You die...

Skill      XL: |  1  2  3 |
---------------+----------+-----
Stealth        | 3 4 |  4.0
Poison Magic   | 4 |  4.4
Dodging        | |  2.0
Spellcasting   | |  2.0
Transmutations | |  1.0

Action                   || total
-------------------------++-------
Melee: Club              ||    29
       Constrict         ||    14
       Tentacles         ||    16
       Dagger            ||    23
 Cast: Sting             ||     4
 Stab: Sleeping          ||     6
Armor: Skin              ||     7
Dodge: Dodged            ||    30
Block: Buckler           ||     6

Levels and vault maps discovered:
D:1:      dpeg_arrival_boxorama, layout_basic,
          shapermc_ecumenical_altar_flowoftime, minmay_misc_feat_pillars
D:2:      layout_basic, serial_forest, infiniplex_forest_end_double,
          infiniplex_forest_clump_large, infiniplex_forest_lined_corner,
          infiniplex_forest_3_way, infiniplex_forest_end_1,
          infiniplex_forest_clump_medium, infiniplex_forest_clump_medium,
          due_unseen_surprise

Notes
Turn   | Place    | Note
-------+----------+-------------------------------------------
     0 | D:1      | zeratav the Octopode Venom Mage began the quest for the
                  | Orb.
     0 | D:1      | Reached XP level 1. HP: 11/11 MP: 3/3
     0 | D:1      | magus.rc [v1.9.6]
    97 | D:1      | Reached skill level 3 in Stealth
   213 | D:1      | Reached XP level 2. HP: 17/17 MP: 5/5
   234 | D:1      | Reached skill level 4 in Poison Magic
   257 | D:1      | HP: 1/17 [kobold/+0 club (4)]
  1125 | D:1      | Found a faded altar of an unknown god.
  1232 | D:1      | Reached XP level 3. HP: 18/21 MP: 6/6
  1458 | D:2      | Reached skill level 4 in Stealth
  1468 | D:2      | HP: 2/21 [gnoll/+0 whip (10)]
  1468 | D:2      | Slain by a gnoll

Vanquished Creatures
  A dart slug (D:1)
  An endoplasm (D:2)
  4 giant cockroaches (D:1)
  4 goblins (D:1)
  A hobgoblin (D:1)
  A quokka (D:1)
  2 ball pythons (D:1)
  3 bats
  A frilled lizard (D:1)
  2 kobolds (D:1)
  3 rats (D:1)
23 creatures vanquished.

Table legend:
 A = Non-vault XP
 B = Vault XP
 C = Vault XP percentage of total XP
 D = Non-vault monster count
 E = Vault monster count
 F = Vault count percentage of total count
                 A         B        C        D         E       F
            +---------+---------+-------+---------+---------+-------
      Total |      40 |       0 |   0.0 |      23 |       0 |   0.0
            +---------+---------+-------+---------+---------+-------
        D:1 |      37 |       0 |   0.0 |      21 |       0 |   0.0
        D:2 |       3 |       0 |   0.0 |       2 |       0 |   0.0
            +---------+---------+-------+---------+---------+-------

Illustrated notes

Table legend:
 A = Kills in this place as a percentage of kills in entire the game.
 B = Kills by you in this place as a percentage of kills by you in the entire game.
 C = Kills by friends in this place as a percentage of kills by friends in the entire game.
 D = Other kills in this place as a percentage of other kills in the entire game.
 E = Experience gained in this place as a percentage of experience gained in the entire game.
 F = Experience gained in this place divided by the number of levels of this place that you have seen.
                   A       B       C       D       E      F
               +-------+-------+-------+-------+-------+----------------------
         Total | 100.0 | 100.0 |   N/A |   N/A | 100.0 |  20.0
       Dungeon | 100.0 | 100.0 |   N/A |   N/A | 100.0 |  20.0
               +-------+-------+-------+-------+-------+----------------------

Table legend: (Time is in decaauts)
 A = Elapsed time spent in this place.
 B = Non-inter-level travel time spent in this place.
 C = Inter-level travel time spent in this place.
 D = Time resting spent in this place.
 E = Time spent auto-exploring this place.
 F = Levels seen in this place.
 G = Mean time per level.
                   A        B        C        D        E       F      G
               +--------+--------+--------+--------+--------+-----+--------+
         Total |   1475 |   1411 |     64 |      0 |   1225 |   2 |  737.5 |
       Dungeon |   1475 |   1411 |     64 |      0 |   1225 |   2 |  737.5 |
               +--------+--------+--------+--------+--------+-----+--------+

Top non-repeatable levels by time:
     D:1: 1458 daAuts
     D:2: 16 daAuts
